 Dungeon Crawl Stone Soup version 0.31-a0-532-g28f74ba (webtiles) character file.

Game seed: 15874115681951202282

543 GreedGrindGold the Trooper (level 7, 75/75 HPs)
             Began as an Ogre Cinder Acolyte on Aug 12, 2023.
             Was a Priest of Ignis.
             Got out of the dungeon alive.
             The game lasted 00:22:05 (2594 turns).

GreedGrindGold the Trooper (Ogre Cinder Acolyte)    Turns: 2594, Time: 00:22:06

Health: 75/75      AC:  3    Str: 21    XL:     7   Next: 27%
Magic:  17/17      EV:  9    Int: 15    God:    Ignis [***...]
Gold:   173        SH:  0    Dex:  4    Spells: 8/8 levels left

rFire   + . .        a - -1 hand axe (flame)
rCold   . . .        (no shield)
rNeg    . . .        b - +0 robe
rPois   .            (helmet restricted)
rElec   .            (no cloak)
rCorr   .            (gloves unavailable)
SInv    .            (boots unavailable)
Will    .....        (no amulet)
Stlth   +            t - ring of magical power
HPRegen 0.32/turn    (no ring)
MPRegen 0.15/turn

%: no passive effects
@: no status effects
A: large, unfitting armour, tough skin 1
a: Renounce Religion, Fiery Armour, Foxfire Swarm


You escaped.
You worshipped Ignis.
Ignis was most pleased with you.
You visited 2 branches of the dungeon, and saw 5 of its levels.

You collected 173 gold pieces.

Inventory:

Hand Weapons
 a - a -1 hand axe of flaming (weapon)
 d - a +0 club
 f - a +0 dagger
 i - a +0 hand axe
 m - a +0 dagger
 n - a +0 hand axe
 r - a +0 club
 s - a +0 dagger
 y - a +0 arbalest
 A - a +0 dagger
 B - a +0 short sword
 D - a +0 short sword
 E - a +0 hand axe
 F - a +0 flail
 G - a +0 hand axe
 I - a +0 scythe of protection
Missiles
 g - 22 stones
 l - 5 poisoned darts
 q - 4 boomerangs
Armour
 b - a +0 robe (worn)
 c - a +0 leather armour
 p - a +0 ring mail
 H - a +0 robe
 J - a +0 robe
 K - a +0 robe
 M - a +0 ring mail
Jewellery
 t - a ring of magical power (left hand)
Scrolls
 j - a scroll of immolation {unknown}
 k - 3 scrolls of teleportation {unknown}
 u - a scroll of enchant armour {unknown}
 z - a scroll of enchant weapon {unknown}
 L - a scroll of poison {unknown}
 O - 3 scrolls of identify {unknown}
Potions
 e - a potion of might {unknown}
 h - 3 potions of berserk rage {unknown}
 o - a potion of heal wounds {unknown}
 v - a potion of attraction {unknown}
 w - 2 potions of brilliance {unknown}
 x - 2 potions of mutation {unknown}
 C - a potion of degeneration {unknown}
 N - a potion of magic {unknown}


   Skills:
 + Level 6.2 Fighting
 + Level 5.0(5.1) Axes
 + Level 1.0(3.3) Polearms
 + Level 3.7 Dodging
 + Level 0.9 Stealth
 + Level 1.2 Spellcasting
 + Level 3.1 Fire Magic


You had 8 spell levels left.
You didn't know any spells.
Your spell library contained the following spells:

 Spells                   Type           Power      Damage    Failure   Level
 Scorch                   Fire           20%        2d5       10%         2
 Volatile Blastmotes      Fire/Tloc      10%        2d10      36%         3
 Dazzling Flash           Conj/Hex       0%         N/A       58%         3
 Starburst                Conj/Fire      2%         6d3       100%        6
 Maxwell's Capacitive Co  Air            0%         ∞         100%        8


Dungeon Overview and Level Annotations

Branches:
Dungeon (4/15)             Temple (1/1) D:4

Altars:
Ashenzari
Cheibriados
Elyvilon
Fedhas
Gozag
Hepliaklqana
Kikubaaqudgha
Makhleb
Nemelex Xobeh
Okawaru
Ru
Sif Muna
Trog
Uskayaw
Vehumet
Wu Jian
Xom
Zin


Innate Abilities, Weirdness & Mutations

You are too large for most types of armour.
You have tough skin. (AC +1)


Message History

You now have 173 gold pieces (gained 16).
There is a stone staircase leading up here.
You climb upwards.
There is a stone staircase leading down here.
There is a stone staircase leading down here.
There is a stone staircase leading down here.
A dart slug comes into view.
The dart slug barely misses you.
You hit the dart slug but do no damage. You punch the dart slug.
The dart slug is moderately wounded.
The dart slug briefly extends its eye-stalks.
The dart slug launches a dart at you. The slug dart hits you.
You hit the dart slug. You burn the dart slug.
The dart slug is heavily wounded.
You slash the dart slug! You burn the dart slug.
You kill the dart slug!
A rat comes into view.
The rat moves out of view.
The rat closely misses you.
You closely miss the rat. The rat bites you.
You closely miss the rat. The rat bites you.
You hit the rat but do no damage. The rat bites you.
You barely miss the rat. The rat barely misses you.
You closely miss the rat. The rat bites you but does no damage.
You hit the rat. You burn the rat.
You kill the rat!
A hobgoblin comes into view.
The hobgoblin shouts!
The hobgoblin barely misses you. The hobgoblin closely misses you.
You closely miss the hobgoblin. The hobgoblin closely misses you.
You barely miss the hobgoblin. The hobgoblin closely misses you.
You slash the hobgoblin! You burn the hobgoblin.
You kill the hobgoblin!
You see here a hobgoblin corpse.
You see here a kobold skeleton.
There is an open door here.
There is a staircase leading out of the dungeon here.
You have escaped!

##..####.###.# ####.#######
..........####♣♣♣
#...........
##.##.##..♣####.##
#.........##
#.###~#≈♣♣.♣.##♣♣♣.........#
#.# ♣...........#♣#.......#
#.# #...........# #.......#
#.##♣#..#######..♣♣#.......#
#>..♣~..#.....#..#♣........#
#####...#...@.'...♣..÷.....#
♣.#..#.....#..♣.#.......#
##...#.....#...####.##.###
##..#.....#..♣♣..........
♣..###+###..♣######.÷###
♣...........# #..#
#...........♣ #..#
♣##♣~.#.##♣.# #..# #♣♣.♣#
#♣# #.†#


There were no monsters in sight!

Vanquished Creatures
  Grinder (D:3)
  Sigmund (D:3)
  An orc priest (D:3)
  Natasha (twice) (D:3)
  6 adders
  A dart slug (D:1)
  4 orcs (D:3)
  3 endoplasms
  2 giant cockroaches
  A goblin (D:1)
  4 hobgoblins
  2 jackals (D:3)
  6 kobolds
  2 quokkas
  7 ball pythons
  A bat (D:1)
  2 frilled lizards
  6 rats
52 creatures vanquished.

Vanquished Creatures (others)
  58 foxfires
58 creatures vanquished.

Grand Total: 110 creatures vanquished

Notes
Turn   | Place    | Note
-------+----------+-------------------------------------------
     0 | D:1      | GreedGrindGold the Ogre Cinder Acolyte began the quest for
                  | the Orb.
     0 | D:1      | Reached XP level 1. HP: 24/24 MP: 2/2
   410 | D:2      | Reached XP level 2. HP: 29/33 MP: 3/3
   461 | D:2      | Found a faded altar of an unknown god.
   702 | D:2      | Reached XP level 3. HP: 26/40 MP: 4/4
  1072 | D:3      | Noticed Sigmund
  1080 | D:2      | You fall into a shaft and drop 1 floor!
  1104 | D:3      | You fall into a shaft and drop 1 floor!
  1185 | D:4      | Found a staircase to the Ecumenical Temple.
  1208 | D:4      | Reached skill level 1 in Dodging
  1208 | D:4      | Reached XP level 4. HP: 48/49 MP: 5/5
  1275 | Temple   | Entered the Ecumenical Temple
  1891 | D:3      | Noticed Natasha
  1905 | D:3      | Killed Natasha
  1944 | D:3      | Reached skill level 5 in Fighting
  1944 | D:3      | Reached XP level 5. HP: 32/57 MP: 6/6
  2011 | D:3      | Killed Sigmund
  2012 | D:3      | Reached XP level 6. HP: 46/66 MP: 7/7
  2334 | D:3      | Noticed Grinder
  2335 | D:3      | Noticed Natasha
  2339 | D:3      | Killed Natasha
  2342 | D:3      | Killed Grinder
  2343 | D:3      | Reached skill level 6 in Fighting
  2343 | D:3      | Reached skill level 5 in Axes
  2343 | D:3      | Reached skill level 1 in Polearms
  2343 | D:3      | Reached XP level 7. HP: 74/75 MP: 8/8
  2594 | D:$      | Got out of the dungeon alive.

Illustrated notes

Levels and vault maps discovered:
D:1:      saegor_arrival_under_anarchy, layout_loops_ring
D:2:      layout_loops_corners, hellmonk_ecumenical_altar_zigzags, basic_altar,
          chequers_serial_rivers_large_b
D:3:      layout_basic, uniq_natasha, uniq_sigmund, uniq_grinder
D:4:      layout_basic, minmay_temple_entry_statues_pillars
Temple:   mainiacjoe_temple_coin_purse

Skill      XL: |  1  2  3  4  5  6 |
---------------+-------------------+-----
Fire Magic     | 3 |  3.1
Dodging        | 1 2 3 |  3.7
Fighting       | 5 6 |  6.2
Axes           | 4 5 |  5.0
Polearms       | 1 |  1.0
Stealth        | |  0.9
Spellcasting   | |  1.2

Action                     |  1- 3 |  4- 6 |  7- 9 || total
---------------------------+-------+-------+-------++-------
  Melee: Hand axe          |    95 |    30 |    14 ||   139
         Punch             |     2 |       |     1 ||     3
         Halberd           |       |     9 |    16 ||    25
 Invoke: Foxfire Swarm     |     1 |     3 |       ||     4
         Rising Flame      |     1 |       |       ||     1
         Fiery Armour      |       |     1 |       ||     1
    Use: Potion            |     1 |       |       ||     1
 Armour: Robe              |    37 |    28 |    15 ||    80
  Dodge: Dodged            |    60 |    21 |    20 ||   101

Table legend: (Time is in decaauts)
 A = Elapsed time spent in this place.
 B = Non-inter-level travel time spent in this place.
 C = Inter-level travel time spent in this place.
 D = Time resting spent in this place.
 E = Time spent auto-exploring this place.
 F = Levels seen in this place.
 G = Mean time per level.
                   A        B        C        D        E       F      G
               +--------+--------+--------+--------+--------+-----+--------+
         Total |   2612 |   2396 |    216 |    851 |      9 |   5 |  522.4 |
       Dungeon |   2016 |   1920 |     96 |    551 |      9 |   4 |  504.0 |
        Temple |    595 |    475 |    120 |    300 |      0 |   1 |  595.0 |
               +--------+--------+--------+--------+--------+-----+--------+

Top non-repeatable levels by time:
     D:3: 626 daAuts
  Temple: 595 daAuts
     D:2: 558 daAuts
     D:1: 488 daAuts
     D:4: 342 daAuts
